 Dungeon Crawl Stone Soup version 0.19.1 (webtiles) character file.

4329 Ijustatesigmund the Fighter (level 10, -3/93 HPs)
             Began as a Minotaur Monk on Nov 24, 2016.
             Was a Believer of Ashenzari.
             Slain by an orc warrior
             ... wielding a +0 long sword
              (15 damage)
             ... on level 9 of the Dungeon.
             The game lasted 00:25:14 (7533 turns).

Ijustatesigmund the Fighter (Minotaur Monk)         Turns: 7533, Time: 00:25:15

Health: -3/93      AC:  8    Str: 18    XL:     10   Next: 12%
Magic:  9/9        EV: 21    Int:  7    God:    Ashenzari [**....]
Gold:   425        SH:  3    Dex: 14    Spells: 0 memorised, 9 levels left

rFire  . . .     SeeInvis .     e - +0 war axe
rCold  . . .     Gourm    .     t - +0 swamp dragon scales
rNeg   . . .     Faith    .     (no shield)
rPois  +         Spirit   .     (helmet restricted)
rElec  .         Reflect  +     n - +1 cloak (curse)
rCorr  .         Harm     .     (no gloves)
MR     .....                    (no boots)
Stlth  ++........               r - +3 amulet of reflection
                                u - +4 ring of evasion (curse)
                                a - +4 ring of evasion

@: corroded
A: retaliatory headbutt, horns 2, wild magic 1
a: Curse Item, Scrying, Renounce Religion


You were on level 9 of the Dungeon.
You worshipped Ashenzari.
Ashenzari was pleased with you.
You were not hungry.

You visited 3 branches of the dungeon, and saw 11 of its levels.

You collected 425 gold pieces.

Inventory:

Hand Weapons
 d - a +1 hand axe of venom
 e - a +0 war axe (weapon)
 v - a +2 morningstar
Missiles
 b - 8 javelins of penetration (quivered)
 i - 2 throwing nets
 j - 3 javelins
Armour
 n - a cursed +1 cloak (worn)
 t - +0 swamp dragon scales (worn)
Jewellery
 a - a +4 ring of evasion (left hand)
 k - a +5 ring of dexterity
 r - a +3 amulet of reflection (around neck)
 u - a cursed +4 ring of evasion (right hand)
Wands
 s - a wand of lightning (6/15)
Scrolls
 f - a scroll of magic mapping
 m - 2 scrolls of enchant weapon
 o - 2 scrolls of holy word
 p - 2 scrolls of remove curse
 x - a scroll of enchant armour
 y - a scroll of amnesia
Potions
 l - a potion of lignification
 q - a potion of curing
Comestibles
 c - 3 bread rations
 g - 3 meat rations
 h - a beef jerky
 z - 6 chunks of flesh


   Skills:
 + Level 10.2 Fighting
 + Level 10.0 Axes
 - Level 2.2 Throwing
 + Level 9.2 Armour
 - Level 4.4 Dodging
 - Level 4.0 Stealth


You had 9 spell levels left.
You didn't know any spells.

Dungeon Overview and Level Annotations

Branches:
Dungeon (9/15)             Temple (1/1) D:5            Lair (1/6) D:9
    Orc: D:9-12

Altars:
Ashenzari
Cheibriados
Dithmenos
Elyvilon
Fedhas
Gozag
Hepliaklqana
Kikubaaqudgha
Makhleb
Nemelex Xobeh
Okawaru
Qazlal
Ru
Sif Muna
Trog
Uskayaw
Vehumet
Xom
Yredelemnul
Zin
The Shining One


Innate Abilities, Weirdness & Mutations

You reflexively headbutt those who attack you in melee.
You have a pair of horns on your head.
Your spells are a little harder to cast, but a little more powerful.


Message History

The orc warrior barely misses you.
You closely miss the orc warrior.
The orc warrior is heavily wounded.
You hit something but do no damage.
You hear a zap.
A bolt of acid appears from out of thin air!
The bolt of acid hits you! The acid corrodes you!
You are splashed with acid!
The acid burns!
* * * LOW HITPOINT WARNING * * *
The orc warrior barely misses you.
Okay, then.
It was a potion of heal wounds.
You feel much better. Something hits you but does no damage.
The orc warrior hits you with a long sword.
You hear a zap.
A bolt of acid appears from out of thin air!
The bolt of acid hits you!
You are splashed with acid!
The acid burns!
* * * LOW HITPOINT WARNING * * *
The orc warrior hits you with a long sword!
You die...

#.......#.[...###*,#≈≈
#......(#.....# .≈≈≈≈
#......†#.....####≈≈≈≈≈≈ ≈
#.......(.........≈≈≈≈≈≈≈ ≈
#.................≈≈≈≈≈≈≈≈≈
#.................≈≈≈≈≈≈≈oo
#.................≈≈≈≈≈≈≈≈≈
#..................≈≈≈≈≈≈≈≈
#.%.......@..).......≈≈≈≈≈≈
#..........o){..?....≈≈≈≈≈#
*.......#............≈≈≈≈#*
*######......†..####≈≈###
#.....†$†..........
#.........†........
#..................
#..................
#####......#####...


You could see an orc warrior.

Vanquished Creatures
  Pikel (D:5)
  2 hippogriffs
  2 yaks (D:9)
  2 water moccasins
  A porcupine (D:9)
  An orc warrior (D:9)
  2 slaves (D:5)
  An ice beast (D:5)
  3 sky beasts
  2 ogres
  2 centaurs
  3 bullfrogs
  2 scorpions
  6 killer bees (D:8)
  4 wights (D:6)
  An electric eel (D:9)
  2 crimson imps (D:5)
  A jelly (D:8)
  Crazy Yiuf (D:2)
  8 orc wizards
  A bullfrog skeleton (D:8)
  8 orc priests
  3 centaur skeletons
  4 hounds
  7 worker ants
  A hell rat (D:9)
  A worker ant zombie (D:9)
  6 gnolls
  14 adders
  2 shadow imps
  An ooze (D:3)
  An adder skeleton (D:4)
  2 worms
  A dart slug (D:4)
  9 leopard geckos
  24 orcs
  12 bats
  3 giant cockroaches
  10 goblins
  4 hobgoblins
  4 jackals (D:2)
  2 quokkas
  9 frilled lizards
  A giant cockroach zombie (D:3)
  A jackal zombie (D:5)
  4 kobolds
  A leopard gecko skeleton (D:5)
  4 rats
  A fungus (D:2)
188 creatures vanquished.

Vanquished Creatures (others)
  A slave (D:5)
  A phantom (D:5)
2 creatures vanquished.

Grand Total: 190 creatures vanquished

Notes
Turn   | Place    | Note
-------+----------+-------------------------------------------
     0 | D:1      | Ijustatesigmund the Minotaur Monk began the quest for the Orb.
     0 | D:1      | Reached XP level 1. HP: 19/19 MP: 0/0
   274 | D:1      | Reached XP level 2. HP: 27/27 MP: 1/1
   925 | D:2      | Reached XP level 3. HP: 33/33 MP: 2/2
   938 | D:2      | Found a glowing silver altar of Zin.
   938 | D:2      | Found a sacrificial altar of Ru.
   949 | D:2      | Reached skill level 1 in Throwing
  1217 | D:2      | Reached XP level 4. HP: 40/40 MP: 3/3
  1426 | D:2      | Found a runed door.
  1431 | D:2      | Noticed Crazy Yiuf
  1439 | D:2      | Killed Crazy Yiuf
  1564 | D:3      | Found an opulent altar of Gozag.
  1681 | D:3      | Reached XP level 5. HP: 34/47 MP: 4/4
  1689 | D:3      | Reached skill level 5 in Axes
  1808 | D:3      | Reached skill level 5 in Fighting
  2191 | D:3      | Noticed a centaur
  2198 | D:3      | Killed a centaur
  2198 | D:3      | Reached skill level 1 in Armour
  2198 | D:3      | Reached XP level 6. HP: 32/56 MP: 5/5
  2840 | D:4      | Reached XP level 7. HP: 25/61 MP: 6/6
  3973 | D:5      | Entered Level 5 of the Dungeon
  3987 | D:5      | Noticed Pikel
  4015 | D:5      | Killed Pikel
  4015 | D:5      | Reached skill level 5 in Armour
  4015 | D:5      | Reached XP level 8. HP: 59/73 MP: 7/7
  4083 | D:5      | Gained mutation: Your spells are a little harder to cast, but a little more powerful. [potion of beneficial mutation]
  4457 | D:5      | Found a staircase to the Ecumenical Temple.
  4461 | Temple   | Entered the Ecumenical Temple
  4468 | Temple   | Became a worshipper of Ashenzari the Shackled
  4468 | Temple   | Reached * piety under Ashenzari
  4468 | Temple   | Reached ** piety under Ashenzari
  5156 | D:6      | Found a snail-covered altar of Cheibriados.
  5194 | D:6      | Reached XP level 9. HP: 64/81 MP: 8/8
  5220 | D:6      | Found a shattered altar of Ashenzari.
  6936 | D:8      | Noticed a red ugly thing
  7447 | D:9      | Reached XP level 10. HP: 86/93 MP: 9/9
  7448 | D:9      | Found a staircase to the Lair.
  7451 | D:9      | Reached skill level 10 in Fighting
  7490 | D:9      | Reached skill level 10 in Axes
  7519 | Lair:1   | Entered Level 1 of the Lair of Beasts
  7533 | D:9      | Slain by an orc warrior

Skill      XL: |  1  2  3  4  5  6  7  8  9 10 |
---------------+-------------------------------+-----
Stealth        | 2 3 4 |  4.0
Axes           | 4 5 7 8 9 10 | 10.0
Fighting       | 4 5 7 8 9 10 | 10.2
Throwing       | 1 2 |  2.2
Armour         | 1 2 5 6 9 |  9.2
Dodging        | 4 |  4.4

Action                   |  1- 3 |  4- 6 |  7- 9 | 10-12 || total
-------------------------+-------+-------+-------+-------++-------
Melee: Hand axe          |    75 |   120 |   183 |       ||   378
       Headbutt          |    11 |    21 |    65 |    10 ||   107
       War axe           |       |       |   103 |    44 ||   147
Throw: Javelin           |       |     3 |       |       ||     3
Invok: Curse Item        |       |       |     2 |       ||     2
       Scrying           |       |       |     1 |       ||     1
  Use: Scroll            |     3 |     3 |     7 |       ||    13
       Potion            |       |     2 |     2 |     1 ||     5
 Stab: Sleeping          |     3 |       |     1 |       ||     4
  Eat: Chunk             |     1 |     5 |     5 |       ||    11
       Royal jelly       |       |       |     2 |       ||     2
       Fruit             |       |       |     3 |       ||     3
       Bread ration      |       |       |     1 |       ||     1
Armor: Ring mail         |    27 |     9 |       |       ||    36
       Robe              |     1 |       |       |       ||     1
       Chain mail        |       |    60 |   112 |       ||   172
       Swamp dragon scal |       |       |    11 |    11 ||    22
Dodge: Dodged            |    54 |    63 |   229 |    52 ||   398
Block: Other             |       |       |    29 |     5 ||    34
